 Dungeon Crawl Stone Soup version 0.30-a0-948-g4fa250aae5 (webtiles) character file.

Game seed: 9888924950857874435

450 jimonade the Chopper (level 7, -1/60 HPs)
             Began as a Hill Orc Fighter on Mar 26, 2023.
             Was a Follower of Beogh.
             Slain by Duvessa
             ... wielding a +3 rapier of protection
              (3 damage)
             ... on level 3 of the Dungeon.
             The game lasted 00:08:22 (4271 turns).

jimonade the Chopper (Hill Orc Fighter)             Turns: 4271, Time: 00:08:23

Health: -1/60      AC: 16    Str: 19    XL:     7   Next: 4%
Magic:  9/9        EV:  5    Int: 10    God:    Beogh [*.....]
Gold:   285        SH:  4    Dex: 10    Spells: 6/6 levels left

rFire   . . .      SeeInvis +    a - +0 war axe
rCold   . . .      Faith    .    c - +0 buckler
rNeg    . . .      Spirit   .    p - +0 plate armour
rPois   .          Reflect  .    C - +2 helmet
rElec   .          Rampage  .    m - +0 cloak
rCorr   .                        (no gloves)
Will    +....                    (no boots) Stlth
                                 t - amulet of the acrobat
HPRegen 0.30/turn                o - ring of willpower
MPRegen 0.11/turn                y - ring of see invisible

@: no status effects
A: no striking features
a: Renounce Religion


You were on level 3 of the Dungeon.
You worshipped Beogh.
Beogh was aware of your devotion.
You visited 1 branch of the dungeon, and saw 5 of its levels.

You collected 285 gold pieces.

Inventory:

Hand Weapons
 a - a +0 war axe (weapon)
 l - a +0 spear
 r - a +1 short sword of draining
 s - a +2 dagger of speed
 u - a +2 dagger of speed
 A - a +0 mace
 G - a +6 dagger
 J - a +0 trident
Missiles
 k - 10 poisoned darts (quivered)
 H - a curare-tipped dart
Armour
 b - a +0 scale mail
 c - a +0 buckler (worn)
 m - a +0 cloak (worn)
 p - a +0 plate armour (worn)
 x - a +0 plate armour
 C - a +2 helmet (worn)
Jewellery
 o - a ring of willpower (left hand)
 t - an amulet of the acrobat (around neck)
 y - a ring of see invisible (right hand)
 B - an amulet of magic regeneration
Wands
 v - a wand of paralysis (2)
Scrolls
 f - 4 scrolls of teleportation
 g - a scroll of identify
 E - a scroll of vulnerability
Potions
 d - a potion of might
 h - 2 potions of degeneration {unknown}
 i - 3 potions of flight
 j - a potion of heal wounds
 n - a potion of lignification {unknown}
 q - a potion of attraction {unknown}
 z - a potion of curing
 D - a potion of ambrosia


   Skills:
 + Level 4.5 Fighting
 + Level 6.7 Axes
 + Level 4.6 Armour
 + Level 4.0 Shields
 * Level 3.6 Invocations


You had 6 spell levels left.
You didn't know any spells.
Your spell library contained the following spells:

 Spells                   Type           Power      Damage    Failure   Level
 Slow                     Hex            0%         N/A       100%        1
 Confusing Touch          Hex            0%         N/A       100%        3
 Summon Guardian Golem    Hex/Summ       0%         N/A       100%        3
 Vampiric Draining        Necr           0%         2d6       100%        3
 Orb of Destruction       Conj           0%         9d5       100%        7
 Spellforged Servitor     Conj/Summ      0%         N/A       100%        7


Dungeon Overview and Level Annotations

Branches:
Dungeon (5/15)             Temple (0/1) D:4

Altars:
Kikubaaqudgha

Annotations:
D:3 Duvessa
D:5 Edmund


Message History

Unknown command.
Throw: 15 darts (poison)
Press: ? - help, Q - select action, (/) - cycle Shift-Dir - straight line, f - Duvessa
Aim: Duvessa, wielding a +3 rapier of protection and wearing a +0 leather armour (berserk, 61% to hit)
You throw a poisoned dart. The poisoned dart hits Duvessa.
Duvessa hits you with a +3 rapier of protection!
Throw: 14 darts (poison)
Press: ? - help, Q - select action, (/) - cycle Shift-Dir - straight line, f/p - Duvessa
Aim: Duvessa, wielding a +3 rapier of protection and wearing a +0 leather armour (berserk, 61% to hit)
You throw a poisoned dart.
The poisoned dart closely misses Duvessa.
Duvessa hits you with a +3 rapier of protection!
* * * LOW HITPOINT WARNING * * *
You block Duvessa's attack.
Throw: 13 darts (poison)
Press: ? - help, Q - select action, (/) - cycle Shift-Dir - straight line, f/p - Duvessa
Aim: Duvessa, wielding a +3 rapier of protection and wearing a +0 leather armour (berserk, 61% to hit)
You throw a poisoned dart.
The poisoned dart closely misses Duvessa.
Duvessa hits you with a +3 rapier of protection!
* * * LOW HITPOINT WARNING * * *
Throw: 12 darts (poison)
Press: ? - help, Q - select action, (/) - cycle Shift-Dir - straight line, f/p - Duvessa
Aim: Duvessa, wielding a +3 rapier of protection and wearing a +0 leather armour (berserk, 61% to hit)
You throw a poisoned dart.
The poisoned dart barely misses Duvessa.
You block Duvessa's attack.
Duvessa hits you with a +3 rapier of protection.
* * * LOW HITPOINT WARNING * * *
Throw: 11 darts (poison)
Press: ? - help, Q - select action, (/) - cycle Shift-Dir - straight line, f/p - Duvessa
Aim: Duvessa, wielding a +3 rapier of protection and wearing a +0 leather armour (berserk, 61% to hit)
You throw a poisoned dart. The poisoned dart hits Duvessa.
Duvessa is poisoned.
Duvessa barely misses you.
Aiming: Paralyse
Press: ? - help, Shift-Dir - straight line, f/p - Duvessa
Aim: Duvessa, wielding a +3 rapier of protection and wearing a +0 leather armour (berserk, poisoned, chance to affect: 31%) Duvessa easily resists.
Duvessa hits you with a +3 rapier of protection.
You die...

####### ######### ......#
#.......# ......#############
#.......# ..................#
#.......# ............#####.#
#.......# ....[..........e#.#
#.......# ................@.#
#.......# #########.#.......#
#.......# ######
#.#.##....###.......#####
.....####...................'....
.....##.....###...#.........#####
.....##....)......#...#######
.....##.....###...#...#
....###.....<##...#...#
###....#+##..##...#...#


You could see Duvessa (berserk, poisoned).

Vanquished Creatures
  A phantom (D:4)
  A kobold brigand (D:4)
  A howler monkey (D:4)
  An orc priest (D:4)
  A hound (D:4)
  An iguana (D:4)
  An orc wizard (D:4)
  7 adders
  3 dart slugs
  6 orcs
  8 ball pythons
  10 bats
  2 endoplasms
  A giant cockroach (D:1)
  4 hobgoblins
  3 jackals (D:3)
  26 kobolds
  7 quokkas
  2 frilled lizards
  6 goblins
  3 rats
95 creatures vanquished.

Vanquished Creatures (others)
  Dowan (D:4)
  An orc priest (D:4)
  An orc (D:4)
  67 plants (D:4)
70 creatures vanquished.

Grand Total: 165 creatures vanquished

Notes
Turn   | Place    | Note
-------+----------+-------------------------------------------
     0 | D:1      | jimonade the Hill Orc Fighter began the quest for the Orb.
     0 | D:1      | Reached XP level 1. HP: 19/19 MP: 1/1
   199 | D:1      | Reached XP level 2. HP: 27/27 MP: 2/2
   388 | D:1      | Reached skill level 3 in Axes
   621 | D:2      | Reached skill level 1 in Invocations
   641 | D:2      | Reached XP level 3. HP: 31/33 MP: 3/3
   810 | D:2      | Reached skill level 4 in Axes
   810 | D:2      | Reached XP level 4. HP: 40/40 MP: 5/5
   876 | D:2      | Found an ancient bone altar of Kikubaaqudgha.
  1789 | D:3      | Reached XP level 5. HP: 43/43 MP: 6/6
  2562 | D:4      | Reached skill level 5 in Axes
  2783 | D:4      | Reached XP level 6. HP: 46/52 MP: 6/8
  2815 | D:4      | Became a worshipper of Beogh the Brigand
  2864 | D:4      | Reached skill level 6 in Axes
  3043 | D:4      | Noticed Dowan
  3043 | D:4      | Noticed Duvessa
  3130 | D:4      | Found a staircase to the Ecumenical Temple.
  3178 | D:4      | Killed Dowan
  3526 | D:4      | Reached * piety under Beogh
  3670 | D:4      | Reached XP level 7. HP: 25/60 MP: 9/9
  4184 | D:5      | Entered Level 5 of the Dungeon
  4192 | D:5      | Noticed Edmund
  4268 | D:3      | HP: 2/60 [Duvessa/+3 rapier of protection (7)]
  4271 | D:3      | Slain by Duvessa

Illustrated notes

Levels and vault maps discovered:
D:1:      wander_arrival_lonely_grave, layout_loops_ring,
          chequers_serial_rivers_room_b
D:2:      layout_rooms, basic_altar
D:3:      layout_basic
D:4:      kennysheep_kobold_camp, layout_basic, minmay_temple_entry_offerings,
          uniq_duvessa
D:5:      layout_rooms, serial_shops, shop, biasface_ghost_orc_armoury,
          portal_sewer_entry_f, serial_bayou_ford_a, minmay_fractal_squares_5,
          uniq_edmund

Skill      XL: |  1  2  3  4  5  6 |
---------------+-------------------+-----
Axes           | 3 4 5 6 |  6.7
Invocations    | 1 2 3 |  3.6
Fighting       | 4 |  4.5
Armour         | 4 |  4.6
Shields        | 4 |  4.0

Action                     |  1- 3 |  4- 6 |  7- 9 || total
---------------------------+-------+-------+-------++-------
  Melee: War axe           |    65 |   227 |     6 ||   298
  Throw: Dart              |       |       |     5 ||     5
 Invoke: Convert to Beogh  |       |     1 |       ||     1
  Evoke: Wand              |       |       |     6 ||     6
    Use: Scroll            |       |       |     9 ||     9
   Stab: Paralysed         |       |       |     5 ||     5
 Armour: Scale mail        |    42 |    21 |       ||    63
         Plate armour      |       |   131 |       ||   131
  Dodge: Dodged            |    35 |    77 |     4 ||   116
  Block: Buckler           |    16 |    51 |     6 ||    73

Table legend: (Time is in decaauts)
 A = Elapsed time spent in this place.
 B = Non-inter-level travel time spent in this place.
 C = Inter-level travel time spent in this place.
 D = Time resting spent in this place.
 E = Time spent auto-exploring this place.
 F = Levels seen in this place.
 G = Mean time per level.
                   A        B        C        D        E       F      G
               +--------+--------+--------+--------+--------+-----+--------+
         Total |   4368 |   3954 |    414 |    408 |   2280 |   5 |  873.6 |
       Dungeon |   4368 |   3954 |    414 |    408 |   2280 |   5 |  873.6 |
               +--------+--------+--------+--------+--------+-----+--------+

Top non-repeatable levels by time:
     D:3: 1873 daAuts
     D:4: 1329 daAuts
     D:1: 637 daAuts
     D:2: 511 daAuts
     D:5: 16 daAuts
